 Dungeon Crawl Stone Soup version 0.27.1-1-g398f81649c (webtiles) character file.

Game seed: 5030724156722130733

12268 boopmooplesden the Blocker (level 11, -28/95 HPs)
             Began as a Minotaur Fighter on Sept 17, 2021.
             Was a Believer of Okawaru.
             Killed from afar by an efreet (48 damage)
             ... with a bolt of fire
             ... on level 11 of the Dungeon.
             The game lasted 00:17:58 (9808 turns).

boopmooplesden the Blocker (Minotaur Fighter)       Turns: 9808, Time: 00:17:58

Health: -28/95     AC: 27    Str: 24    XL:     11   Next: 60%
Magic:  9/10       EV: 12    Int:  7    God:    Okawaru [**....]
Gold:   461        SH: 13    Dex: 10    Spells: 10/10 levels left

rFire    x . .     SeeInvis .   x - +7 dagger "Havis" {vamp, rElec rPois rF- rN+++}
rCold    . . .     Faith    .   c - +0 kite shield
rNeg     + + +     Spirit   .   u - +10 plate armour of the Trombone {Int+2}
rPois    +         Reflect  .   (helmet restricted)
rElec    +         Harm     .   o - +0 cloak
rCorr    +         Rampage  .   j - +0 pair of gloves
Will     .....                  (no boots)
Stlth    ..........             (no amulet)
HPRegen  0.25/turn              t - +4 ring of evasion
MPRegen  0.12/turn              h - ring of resist corrosion

@: no status effects
A: horns 2, retaliatory headbutt
a: Renounce Religion, Heroism


You were on level 11 of the Dungeon.
You worshipped Okawaru.
Okawaru was pleased with you.
You visited 2 branches of the dungeon, and saw 12 of its levels.
You also visited: Bailey.

You collected 461 gold pieces.

Inventory:

Hand Weapons
 a - a +0 spectral long sword
 m - a +4 quarterstaff of chaos
 x - the +7 dagger "Havis" (weapon) {vamp, rElec rPois rF- rN+++}
   (You took it off an orc warrior on level 6 of the Dungeon)

   It occasionally heals its wielder for a portion of the damage dealt when it
   wounds a living foe.
   rF:        It makes you vulnerable to fire.
   rElec:     It insulates you from electricity.
   rPois:     It protects you from poison.
   rN:        It renders you almost immune to negative energy.
 C - a +0 vampiric war axe
 G - a +0 broad axe of flaming
 O - a +0 vampiric war axe
Missiles
 f - 5 boomerangs (quivered)
 z - 8 throwing nets
Armour
 b - a +0 scale mail
 c - a +0 kite shield (worn)
 j - a +0 pair of gloves (worn)
 n - a +0 cloak
 o - a +0 cloak (worn)
 u - the +10 plate armour of the Trombone (worn) {Int+2}
   (You found it on level 5 of the Dungeon)

   Int:       It affects your intelligence (+2).
 I - the +1 robe of Insecurity {-Tele Int+6}
   (You found it on level 8 of the Dungeon)

   Int:       It affects your intelligence (+6).
   -Tele:     It prevents most forms of teleportation.
Jewellery
 h - a ring of resist corrosion (right hand)
 t - a +4 ring of evasion (left hand)
 F - a ring of protection from cold
 H - a +4 ring of protection
Wands
 i - a wand of polymorph (7)
 p - a wand of iceblast (16)
 K - a wand of flame (34)
 M - a wand of mindburst (14)
 Q - a wand of charming (8)
Scrolls
 k - 2 scrolls of amnesia
 q - 5 scrolls of identify
 w - 2 scrolls of blinking {unknown}
 y - 2 scrolls of vulnerability {unknown}
 A - a scroll of enchant armour {unknown}
 E - a scroll of summoning {unknown}
 J - a scroll of acquirement {unknown}
 N - a scroll of enchant weapon {unknown}
Potions
 d - 2 potions of attraction {unknown}
 e - 2 potions of degeneration {unknown}
 g - a potion of magic {unknown}
 l - 4 potions of curing {unknown}
 r - 3 potions of haste
 s - a potion of flight {unknown}
 v - 3 potions of heal wounds
 B - a potion of resistance {unknown}
 D - 3 potions of ambrosia {unknown}
 L - a potion of invisibility {unknown}
 P - a potion of mutation {unknown}


   Skills:
 + Level 8.7 Fighting
 + Level 7.8(9.6) Short Blades
 + Level 9.5(10.8) Long Blades
 + Level 0.8 Throwing
 + Level 10.7 Armour
 + Level 3.8 Dodging
 + Level 1.8 Stealth
 + Level 12.4 Shields
 + Level 0.2 Evocations


You had 10 spell levels left.
You didn't know any spells.
Your spell library contained the following spells:

 Spells                   Type           Power      Damage    Failure   Level
 Summon Small Mammal      Summ           0%         N/A       100%        1
 Sublimation of Blood     Necr           0%         N/A       100%        2
 Wereblood                Tmut           0%         N/A       100%        2
 Call Canine Familiar     Summ           0%         N/A       100%        3
 Summon Guardian Golem    Hex/Summ       0%         N/A       100%        3
 Animate Dead             Necr           0%         N/A       100%        4
 Borgnjor's Vile Clutch   Necr/Erth      0%         N/A       100%        5
 Death Channel            Necr           0%         N/A       100%        6
 Summon Hydra             Summ           0%         N/A       100%        7


Dungeon Overview and Level Annotations

Branches:
Dungeon (11/15)            Temple (1/1) D:4            Lair (0/6) D:9
 Bailey (visited)
    Orc: D:9-12

Altars:
Ashenzari
Cheibriados
Dithmenos
Elyvilon
Fedhas
Gozag
Hepliaklqana
Kikubaaqudgha
Makhleb
Nemelex Xobeh
Okawaru
Qazlal
Ru
Sif Muna
Trog
Uskayaw
Vehumet
Wu Jian
Xom
Yredelemnul
Zin
The Shining One

Shops:
D:4 *   D:9 :


Innate Abilities, Weirdness & Mutations

You have a pair of horns on your head.
You reflexively headbutt those who attack you in melee.


Message History

The ice devil is severely wounded.
You puncture the ice devil!
You headbutt the ice devil, but do no damage.
The ice devil is almost dead.
The ice devil misses you.
You hit the ice devil.
You kill the ice devil!
Okawaru accepts your kill.
The gargoyle hurls a stone arrow at you.
You block the stone arrow. The gargoyle barely misses you.
You furiously retaliate!
You headbutt the gargoyle, but do no damage.
You block the efreet's attack.
You hit the efreet but do no damage.
The efreet is moderately wounded.
The gargoyle hurls a stone arrow at you.
You block the stone arrow.
You hit the efreet but do no damage.
The efreet is moderately wounded.
You block the gargoyle's attack.
The efreet hits you with a +2 scimitar of flaming.
* * * LOW HITPOINT WARNING * * *
The efreet burns you.
* * * LOW HITPOINT WARNING * * *
There is an open door here.
You puncture the gargoyle!
You headbutt the gargoyle, but do no damage.
The gargoyle is moderately damaged.
The gargoyle hurls a stone arrow at you.
The stone arrow hits you but does no damage.
You feel like a meek peon again.
The gargoyle hurls a stone arrow at you.
The stone arrow misses you.
There is an open door here.
The gargoyle hurls a stone arrow at you.
You block the stone arrow. The efreet gestures at you.
The bolt of fire hits you!!! The fire burns you terribly!
Ouch! That really hurt!
You die...

##....###....##.#.... ..#
K.##...°☼###.[...###....##.###
####...○##.##....####........#
## #.##..#☼...'#..##§##.. #....#
###§..####R9...####§§§##.##....#
#§§§§.##..)....##..§§§##......#
#§.§####.....####.§.##..####.#
#.##..#'...'#..##§##..## #..
####...)##.##@...###..## ###
####.....###.....##..##
##....###..).##..##
#####'#..##☼##..#'..##
#.....####§≈☼########
#....####§°≈§≈## #....#
.##§≈○### #....###.##§####
#....# #..#####


You could see an efreet and a gargoyle.

Vanquished Creatures
  A hydra (D:8)
  Harold (D:8)
  A boulder beetle (D:11)
  A two-headed ogre (D:10)
  A deep elf pyromancer (D:11)
  2 centaur zombies
  A gargoyle (D:11)
  Maggie (D:8)
  2 rime drakes (D:11)
  2 ice devils (D:11)
  Grinder (D:6)
  A hornet (D:9)
  A raiju (D:11)
  2 meliai zombies
  Sigmund (D:2)
  A shadow (D:9)
  A wraith (D:9)
  A vampire (D:10)
  Eustachio (D:6)
  2 wyverns (D:9)
  4 yaks (D:10)
  2 acid dragons
  Edmund (D:6)
  Duvessa (D:6)
  A black bear (D:7)
  A hornet zombie (D:8)
  6 orc warriors
  2 ogres
  4 centaurs
  A phantom (D:5)
  A kobold brigand (D:10)
  Blork the orc (D:5)
  A gnoll sergeant (D:9)
  3 bullfrogs
  3 scorpions
  Dowan (D:6)
  18 killer bees
  2 electric eels (D:8)
  2 howler monkeys (D:6)
  A jelly (D:6)
  7 orc priests
  2 bullfrog skeletons
  3 gnoll shamans
  2 hounds
  Crazy Yiuf (D:3)
  5 iguanas
  Terence (D:2)
  Jessica (D:2)
  9 orc wizards
  2 centaur skeletons
  A killer bee zombie (D:6)
  2 howler monkey zombies
  29 gnolls
  6 adders
  A shadow imp (D:8)
  An adder skeleton (D:4)
  28 orcs
  5 ball pythons
  3 endoplasms (D:1)
  4 giant cockroaches
  14 goblins
  3 hobgoblins
  12 jackals
  8 kobolds
  6 quokkas
  8 bats
  2 frilled lizards (D:1)
  A quokka skeleton (D:4)
  8 rats
256 creatures vanquished.

Vanquished Creatures (others)
  An orc wizard (D:8)
  22 plants
23 creatures vanquished.

Grand Total: 279 creatures vanquished

Notes
Turn   | Place    | Note
-------+----------+-------------------------------------------
     0 | D:1      | boopmooplesden the Minotaur Fighter began the quest for the
                  | Orb.
     0 | D:1      | Reached XP level 1. HP: 19/19 MP: 0/0
    94 | D:1      | Reached XP level 2. HP: 27/27 MP: 1/1
   215 | D:1      | Found a faded altar of an unknown god.
   251 | D:1      | Reached XP level 3. HP: 27/33 MP: 2/2
   254 | D:1      | Reached skill level 4 in Shields
   661 | D:2      | Noticed Jessica
   673 | D:2      | Killed Jessica
   839 | D:2      | Reached XP level 4. HP: 40/40 MP: 3/3
   851 | D:2      | Noticed Sigmund
   863 | D:1      | Reached skill level 1 in Dodging
  1245 | D:2      | Killed Sigmund
  1246 | D:2      | Reached skill level 5 in Armour
  1246 | D:2      | Reached skill level 5 in Shields
  1246 | D:2      | Reached XP level 5. HP: 40/47 MP: 4/4
  1246 | D:2      | Reached XP level 6. HP: 45/53 MP: 5/5
  1344 | D:2      | Noticed Terence
  1355 | D:2      | Killed Terence
  1356 | D:2      | Reached skill level 5 in Long Blades
  1679 | D:3      | Found a shimmering blue altar of Sif Muna.
  1679 | D:3      | Found a stormy altar of Qazlal.
  1682 | D:3      | Found a white marble altar of Elyvilon.
  1773 | D:3      | Found a broken altar of Ashenzari.
  1778 | D:3      | Found an ornate altar of the Wu Jian Council.
  1778 | D:3      | Found a bloodstained altar of Trog.
  1792 | D:3      | Found an ancient bone altar of Kikubaaqudgha.
  1799 | D:3      | Found a hazy altar of Hepliaklqana.
  1908 | D:3      | Found a runed translucent door.
  1909 | D:3      | Noticed Crazy Yiuf
  2250 | D:3      | Killed Crazy Yiuf
  2679 | D:4      | Reached skill level 1 in Stealth
  2679 | D:4      | Reached XP level 7. HP: 60/60 MP: 6/6
  2695 | D:4      | Found an opulent altar of Gozag.
  2905 | D:4      | Found a staircase to the Ecumenical Temple.
  2914 | Temple   | Entered the Ecumenical Temple
  3435 | D:4      | Found Utzezuj's General Store.
  3970 | D:5      | Entered Level 5 of the Dungeon
  3977 | D:5      | Reached skill level 5 in Fighting
  3986 | D:5      | Reached skill level 6 in Shields
  4054 | D:5      | Found a burning altar of Makhleb.
  4058 | D:5      | Noticed a green death
  4059 | D:5      | Found a glowing silver altar of Zin.
  4060 | D:5      | Noticed an angel
  4073 | D:5      | Reached XP level 8. HP: 40/68 MP: 7/7
  4349 | D:5      | Found a sparkling altar of Nemelex Xobeh.
  4449 | D:5      | Identified the +10 plate armour of the Trombone {Int+2}
  4578 | D:5      | Noticed Blork the orc
  4586 | D:5      | Killed Blork the orc
  4587 | D:5      | Reached skill level 7 in Shields
  4757 | D:6      | Noticed Duvessa
  4757 | D:6      | Noticed Dowan
  4761 | D:6      | Killed Dowan
  4770 | D:6      | Killed Duvessa
  4924 | D:6      | Noticed Eustachio
  4933 | D:6      | Killed Eustachio
  4934 | D:6      | Reached XP level 9. HP: 75/75 MP: 8/8
  5001 | D:6      | Noticed Grinder
  5010 | D:6      | Killed Grinder
  5011 | D:6      | Reached skill level 8 in Shields
  5126 | D:6      | Noticed Edmund
  5143 | D:6      | Killed Edmund
  5482 | D:6      | Identified the +7 dagger "Havis" {vamp, rElec rPois rF-
                  | rN+++}
  6289 | D:7      | Reached skill level 9 in Shields
  6307 | D:7      | Reached skill level 1 in Short Blades
  6644 | D:8      | Found a flagged portal.
  6667 | Bailey   | Entered a bailey
  6667 | Bailey   | Noticed an orc knight
  6668 | Bailey   | Noticed an orc knight
  6994 | D:8      | Noticed Harold
  7002 | D:8      | Killed Harold
  7003 | D:8      | Reached skill level 10 in Shields
  7003 | D:8      | Reached XP level 10. HP: 79/86 MP: 9/9
  7060 | D:8      | Noticed Maggie
  7080 | D:8      | Killed Maggie
  7796 | D:8      | Noticed an eight-headed hydra
  7806 | D:8      | Killed an eight-headed hydra
  7811 | D:8      | Identified the +1 robe of Insecurity {-Tele Int+6}
  8046 | D:9      | Found a staircase to the Lair.
  8081 | D:9      | Reached skill level 11 in Shields
  8182 | D:9      | Reached skill level 5 in Short Blades
  8307 | D:9      | Found Ruseno's Self-Improvement Boutique.
  8691 | D:10     | Entered Level 10 of the Dungeon
  8714 | D:10     | Reached XP level 11. HP: 94/94 MP: 10/10
  8716 | D:10     | Reached skill level 10 in Armour
  8903 | D:10     | Found an iron altar of Okawaru.
  8954 | D:10     | Became a worshipper of Warmaster Okawaru
  9067 | D:10     | Noticed a two-headed ogre
  9081 | D:10     | Killed a two-headed ogre
  9269 | D:10     | Reached * piety under Okawaru
  9601 | D:11     | Noticed a boulder beetle
  9651 | D:11     | Killed a boulder beetle
  9652 | D:11     | Reached skill level 12 in Shields
  9656 | D:11     | Noticed a deep elf pyromancer
  9670 | D:11     | Killed a deep elf pyromancer
  9748 | D:11     | Reached ** piety under Okawaru
  9808 | D:11     | Killed from afar by an efreet

Illustrated notes

Levels and vault maps discovered:
D:1:      minmay_arrival_checkered_box, layout_rooms,
          shapermc_ecumenical_altar_petra, glass_columns_a,
          nrook_mini_backslash, st_stairs_5, kennysheep_minor_cross
D:2:      layout_rooms, serial_bayou_pond_e, uniq_sigmund, uniq_terence,
          uniq_jessica
D:3:      layout_loops_ring, minmay_overflow_temple_star_hex,
          grunt_temple_overflow_open, uniq_crazy_yiuf_cottage
D:4:      layout_layer_cave, nicolae_gozag_seed_capital,
          minmay_temple_entry_water_ring, serial_shops, kennysheep_little_box
D:5:      layout_rooms, grunt_temple_overflow_order_and_chaos_2,
          nemelex_altar_shiori, serial_bayou_ford_a, minmay_misc_feat_room,
          uniq_blork_the_orc
D:6:      layout_loops_corners, uniq_eustachio, uniq_grinder, uniq_duvessa,
          uniq_edmund
D:7:      layout_rooms
D:8:      layout_gridville, lightli_bailey_entry_fortress,
          serial_bayou_lagoon_a, kennysheep_just_a_vault, uniq_harold,
          uniq_maggie
D:9:      layout_basic, lair_entry_dummy, minmay_strange_pillars,
          nicolae_shop_self_help
D:10:     layout_long_grid, okawaru_metal_pillars_1_2, minmay_misc_feat_pillars
D:11:     layout_basic, nicolae_trove_entry_path_of_doom,
          portal_ice_cave_entry_ice_simulacra,
          dilly_guarded_unrand_elemental_staff, uniq_maurice
Temple:   grunt_temple_mini_profane

Skill      XL: |  1  2  3  4  5  6  7  8  9 10 11 |
---------------+----------------------------------+-----
Long Blades    | 3 4 5 6 8 9 |  9.5
Armour         | 4 5 6 8 9 10 | 10.7
Shields        | 4 5 6 7 10 11 12 | 12.4
Fighting       | 4 5 7 8 |  8.7
Dodging        | 1 2 3 |  3.8
Stealth        | 1 |  1.8
Short Blades   | 3 6 7 |  7.8
Throwing       | |  0.8
Evocations     | |  0.2

Action                   |  1- 3 |  4- 6 |  7- 9 | 10-12 || total
-------------------------+-------+-------+-------+-------++-------
Melee: Long sword        |    60 |    82 |   170 |       ||   312
       Headbutt          |     7 |    14 |    77 |   112 ||   210
       Dagger            |       |       |   126 |   503 ||   629
Throw: Boomerang         |     2 |     4 |       |       ||     6
Invok: Heroism           |       |       |       |     1 ||     1
Evoke: Wand              |       |       |     2 |       ||     2
  Use: Potion            |       |     1 |       |       ||     1
       Scroll            |       |     3 |     2 |       ||     5
 Stab: Invisible         |       |     1 |       |       ||     1
       Distracted        |       |       |     1 |       ||     1
Armor: Scale mail        |    63 |    14 |       |       ||    77
       Plate armour      |       |     7 |   136 |   196 ||   339
Dodge: Dodged            |    44 |    27 |   114 |   135 ||   320
Block: Kite shield       |    37 |    48 |   203 |   255 ||   543
       Rpst.: Long sword |    12 |     9 |    10 |       ||    31
